 Dungeon Crawl Stone Soup version 0.27.0-1-g7a089689b8 (webtiles) character file.

Game seed: 16472710158167669997

34 Lordbubyan the Conjurer (level 3, 19/19 HPs)
             Began as a Deep Elf Conjurer on Aug 13, 2021.
             Quit the game on level 2 of the Dungeon.
             The game lasted 00:08:10 (1538 turns).

Lordbubyan the Conjurer (Deep Elf Conjurer)         Turns: 1538, Time: 00:08:11

Health: 19/19      AC:  2    Str:  4    XL:     3   Next: 14%
Magic:  4/9        EV: 12    Int: 23    God:
Gold:   0          SH:  0    Dex: 13    Spells: 7/8 levels left

rFire    . . .     SeeInvis .   e - +2 war axe (holy)
rCold    . . .     Faith    .   (no shield)
rNeg     . . .     Spirit   .   a - +0 robe
rPois    .         Reflect  .   (no helmet)
rElec    .         Harm     .   (no cloak)
rCorr    .         Rampage  .   (no gloves)
Will     .....                  (no boots)
Stlth    ++........             (no amulet)
HPRegen  0.06/turn              (no ring)
MPRegen  0.11/turn              (no ring)

@: no status effects
A: no striking features
a: no special abilities


You were on level 2 of the Dungeon.
You visited 1 branch of the dungeon, and saw 2 of its levels.

Inventory:

Hand Weapons
 e - a +2 war axe of holy wrath (weapon)
Armour
 a - a +0 robe (worn)
Magical Staves
 b - a staff of death
Scrolls
 c - a scroll of teleportation {unknown}
 d - a scroll of summoning {unknown}
 g - a scroll of identify {unknown}
Potions
 f - a potion of resistance {unknown}


   Skills:
 - Level 2.7 Dodging
 - Level 2.4 Stealth
 - Level 3.3 Spellcasting
 + Level 5.3 Conjurations


You had 7 spell levels left.
You knew the following spells:

 Your Spells              Type           Power      Damage    Failure   Level
a - Magic Dart            Conj           100%       1d8       1%          1

Your spell library contained the following spells:

 Spells                   Type           Power      Damage    Failure   Level
 Searing Ray              Conj           56%        3d5       1%          2
 Dazzling Flash           Conj/Hex       32%        N/A       12%         3
 Fulminant Prism          Conj/Hex       8%         3d7       36%         4
 Iskenderun's Mystic Bla  Conj/Tloc      16%        2d5       36%         4


Dungeon Overview and Level Annotations

Branches:
Dungeon (2/15)

Altars:

Shops:
D:2 [


Message History

Aim: a dart slug (100% to hit)
The magic dart hits the dart slug.
The dart slug is moderately wounded.
Casting: Magic Dart (safe; 1% risk of failure)
Confirm with . or Enter, or press ? or * to list all spells.
Aiming: Magic Dart (safe; 1% risk of failure)
Press: ? - help, Shift-Dir - straight line, f/p - dart slug
Aim: a dart slug (moderately wounded, 100% to hit)
The magic dart hits the dart slug!
You kill the dart slug!
Casting: Magic Dart (safe; 1% risk of failure)
Confirm with . or Enter, or press ? or * to list all spells.
Aiming: Magic Dart (safe; 1% risk of failure)
Press: ? - help, Shift-Dir - straight line, f - dart slug
Aim: a dart slug (100% to hit)
The magic dart hits the dart slug.
The dart slug is heavily wounded.
Casting: Magic Dart (safe; 1% risk of failure)
Confirm with . or Enter, or press ? or * to list all spells.
Aiming: Magic Dart (safe; 1% risk of failure)
Press: ? - help, Shift-Dir - straight line, f/p - dart slug
Aim: a dart slug (heavily wounded, 100% to hit)
The magic dart hits the dart slug.
You kill the dart slug!
Casting: Magic Dart (safe; 1% risk of failure)
Confirm with . or Enter, or press ? or * to list all spells.
You can't see any susceptible monsters within range! (Use Z to cast anyway.) Unknown command.
There is an open door here.
Your magical contamination has completely faded away.
Found Jiteumm's Armour Shoppe.
g - a scroll labelled IPNAET XETYUWE Memorise Searing Ray, consuming 2 spell levels and leaving 5?
Okay, then.
Okay, then.
Are you sure you want to abandon this character and quit the game? (Confirm with "yes".)
Okay, then.
Are you sure you want to abandon this character and quit the game? (Confirm with "yes".)
Okay, then.
Are you sure you want to abandon this character and quit the game? (Confirm with "yes".)

##.##..########.......#
.......# ##.........
.....<.# #.........#
##.##### ##......###
#.# ##.#...# ##.##
#.##### #...## #.#
.....# ##'## .....#
#..@# ...### #.....#
#..# #.......# ####
#........# #..†.....+
#........# #.......##
##..∩..##


There were no monsters in sight!

Vanquished Creatures
  A worm (D:2)
  2 dart slugs (D:2)
  5 ball pythons
  3 bats
  2 endoplasms (D:1)
  A giant cockroach (D:1)
  3 goblins
  A hobgoblin (D:1)
  2 jackals (D:1)
  A frilled lizard (D:1)
  A kobold (D:1)
  4 rats (D:1)
26 creatures vanquished.

Vanquished Creatures (others)
  3 plants (D:2)
3 creatures vanquished.

Grand Total: 29 creatures vanquished

Notes
Turn   | Place    | Note
-------+----------+-------------------------------------------
     0 | D:1      | Lordbubyan the Deep Elf Conjurer began the quest for the
                  | Orb.
     0 | D:1      | Reached XP level 1. HP: 10/10 MP: 6/6
   270 | D:1      | Reached XP level 2. HP: 15/15 MP: 5/8
   484 | D:1      | Found a faded altar of an unknown god.
   514 | D:1      | Reached skill level 5 in Conjurations
  1324 | D:2      | Reached XP level 3. HP: 7/19 MP: 3/9
  1536 | D:2      | Found Jiteumm's Armour Shoppe.
  1538 | D:2      | Quit the game

Illustrated notes

Levels and vault maps discovered:
D:1:      amcnicky_arrival_choice, layout_basic,
          chequers_ecumenical_altar_grove, minmay_misc_feat_doors
D:2:      cheibrodos_old_hovel, layout_loops_corners, serial_shops, shop,
          kennysheep_generic_room_8, uniq_terence

Skill      XL: |  1  2 |
---------------+-------+-----
Conjurations   | 5 |  5.3
Dodging        | |  2.7
Stealth        | |  2.4
Spellcasting   | |  3.3

Action                   || total
-------------------------++-------
Melee: Staff             ||     1
       War axe           ||     1
 Cast: Magic Dart        ||    61
Dodge: Dodged            ||     4
